 Dungeon Crawl Stone Soup version 0.21.1-1-g345015f (webtiles) character file.

28297 aMcNicky the Severer (level 13, -1/118 HPs)
             Began as a Minotaur Berserker on Feb 28, 2018.
             Was a High Priest of Trog.
             Slain by a centaur warrior (4 damage)
             ... on level 13 of the Dungeon on Mar 2, 2018.
             The game lasted 01:24:35 (12781 turns).

aMcNicky the Severer (Minotaur Berserker)          Turns: 12781, Time: 01:24:36

Health: -1/118     AC: 24    Str: 26    XL:     13   Next: 9%
Magic:  4/4        EV: 10    Int:  4    God:    Trog [*****.]
Gold:   603        SH:  8    Dex: 11    Spells: 12/12 levels left

rFire    . . .     SeeInvis .   Z - +4 executioner's axe (antimagic)
rCold    . . .     Gourm    .   (shield currently unavailable)
rNeg     . . .     Faith    .   a - +1 plate armour
rPois    .         Spirit   .   V - +1 hat
rElec    .         Reflect  +   h - +0 cloak
rCorr    .         Harm     .   T - +2 pair of gloves
MR       .....                  M - +1 pair of boots
Stlth    ..........             y - brooch of Shielding {Reflect SH+8}
HPRegen  0.29/turn              f - ring of stealth
MPRegen  0.09/turn              (no ring)

@: lethally poisoned (-1 -> -25), berserk cooldown, slowed, very slow
A: retaliatory headbutt, horns 2
a: Berserk, Trog's Hand, Brothers in Arms, Burn Spellbooks, Renounce Religion


You were on level 13 of the Dungeon.
You worshipped Trog.
Trog was extremely pleased with you.
You were very hungry.

You visited 2 branches of the dungeon, and saw 14 of its levels.

You collected 804 gold pieces.
You spent 201 gold pieces at shops.

Inventory:

Hand Weapons
 K - a +0 shortbow
 Z - a +4 antimagic executioner's axe (weapon)
Missiles
 m - 7 curare-tipped needles
 q - 272 arrows (quivered)
Armour
 a - a +1 plate armour (worn)
 h - a +0 cloak (worn)
 x - a +1 hat
 J - +0 steam dragon scales
 M - a +1 pair of boots (worn)
 T - a +2 pair of gloves (worn)
 V - a +1 hat (worn)
 Y - +0 fire dragon scales {rF++ rC-}
Jewellery
 f - a ring of stealth (left hand)
 l - a cursed ring of teleportation {unknown}
 y - the brooch of Shielding (around neck) {Reflect SH+8}
   (You found it on level 4 of the Dungeon)

   [amulet of reflection]

   It shields you and reflects attacks.
   It affects your SH (+8).
 B - an uncursed amulet of the gourmand {unknown}
 F - a +3 ring of intelligence {unknown}
 S - an uncursed ring of ice
 W - an uncursed amulet of faith {unknown}
Wands
 j - a wand of disintegration (19)
 E - a wand of random effects (32)
 H - a wand of paralysis (16)
 L - a wand of iceblast (13)
 N - a wand of polymorph (17)
Scrolls
 b - a scroll of silence {unknown}
 d - 2 scrolls of amnesia
 n - 5 scrolls of magic mapping
 r - 4 scrolls of remove curse
 s - 2 scrolls of immolation {unknown}
 t - 3 scrolls of enchant weapon {unknown}
 u - a scroll of identify
 C - a scroll of fear {unknown}
 G - 2 scrolls of fog {unknown}
 I - 2 scrolls of teleportation {unknown}
 Q - 2 scrolls of enchant armour
Potions
 c - a potion of curing
 e - a potion of flight {unknown}
 k - a potion of berserk rage {unknown}
 o - 2 potions of ambrosia {unknown}
 p - 2 potions of brilliance {unknown}
 w - 3 potions of heal wounds {unknown}
 z - a potion of degeneration {unknown}
 A - 2 potions of lignification {unknown}
 O - 2 potions of agility
 R - 3 potions of mutation {unknown}
 U - 2 potions of haste
Books
 i - a book of Ice

   Spells                             Type                      Level
   a - Ice Form                       Ice/Transmutation            4
   b - Metabolic Englaciation         Hexes/Ice                    5
   c - Ozocubu's Refrigeration        Ice                          6
   d - Bolt of Cold                   Conjuration/Ice              6
   e - Freezing Cloud                 Conjuration/Ice/Air          6
   f - Simulacrum                     Ice/Necromancy               6
   Trog disapproves of the use of such an item.
Miscellaneous
 P - a fan of gales
Comestibles
 g - 15 chunks of flesh
 v - 22 rations


   Skills:
 + Level 12.1 Fighting
   Level 4.6 Short Blades
 + Level 18.3 Axes
 + Level 11.5 Armour
 + Level 5.8 Dodging
 + Level 1.8 Stealth


You had 12 spell levels left.
You didn't know any spells.

Dungeon Overview and Level Annotations

Branches:
Dungeon (13/15)            Temple (1/1) D:6            Lair (0/6) D:8
    Orc (0/2) D:11         Vaults (0/5) D:13

Altars:
Ashenzari
Cheibriados
Dithmenos
Elyvilon
Fedhas
Gozag
Hepliaklqana
Kikubaaqudgha
Makhleb
Nemelex Xobeh
Okawaru
Qazlal
Ru
Sif Muna
Trog
Uskayaw
Vehumet
Wu Jian
Xom
Yredelemnul
Zin
The Shining One

Shops:
D:4 (   D:12 [

Annotations:
D:13 Rupert


Innate Abilities, Weirdness & Mutations

You reflexively headbutt those who attack you in melee.
You have a pair of horns on your head.


Message History

You feel better.
Rupert hits you with a great sword of venom!
* * * LOW HITPOINT WARNING * * *
You are poisoned.
You block the centaur warrior's attack. The human hits you but does no damage.
The human barely misses you. x2; The human hits you but does no damage.
You block the orc knight's attack.
The centaur warrior hits you but does no damage.
Rupert hits you with a great sword of venom!
* * * LOW HITPOINT WARNING * * *
You are lethally poisoned!
You block the human's attack. The human hits you but does no damage.
The human barely misses you. The human completely misses you.
As you read the scroll labeled PEAPUE QADDAG, it crumbles to dust.
It is a scroll of enchant armour.
Your +0 plate armour glows green for a moment.
* * * LOW HITPOINT WARNING * * *
You feel very sick. The centaur warrior hits you.
You die...

##.. .##
....######..#
............#
......).....#
............#
#.....[.....#
+.....ppp...#
#....p@@op..#
#.....ppcp..#
#......p....#
#...........#
#..)...(....#
#...........#
#...........#
......#####.#


You could see Rupert (berserk), an orc knight, a centaur warrior and 9 humans.

Vanquished Creatures
  Erolcha (D:9)
  Harold (D:10)
  5 two-headed ogres
  The ghost of jazmu the Blocker, a novice FoHu of Okawaru (D:7)
  A queen ant (D:10)
  An unseen horror (D:12)
  Pikel (D:7)
  2 cyclopes (D:12)
  3 ugly things (D:11)
  Maurice (D:8)
  Joseph (D:9)
  2 gargoyles (D:11)
  A komodo dragon (D:12)
  2 trolls
  A hornet (D:12)
  Grinder (D:5)
  The ghost of Frank the Shield-Bearer, an amateur OpFi of Makhleb (D:3)
  6 hippogriffs
  A meliai zombie (D:12)
  A spriggan (D:7)
  5 humans (D:13)
  A wyvern (D:11)
  5 hungry ghosts
  Grum (D:9)
  2 vampire mosquitoes (D:12)
  A steam dragon (D:6)
  20 soldier ants (D:10)
  A warg (D:11)
  A water moccasin (D:11)
  A sky beast (D:11)
  9 orc warriors
  5 ice beasts
  A hornet zombie (D:10)
  2 slaves (D:7)
  2 black bears (D:11)
  3 phantoms
  7 ogres
  6 wolves
  An eye of draining (D:12)
  2 crocodiles
  11 centaurs
  2 big kobolds
  5 bullfrogs
  2 scorpions
  3 killer bees (D:7)
  An electric eel (D:8)
  2 howler monkeys
  9 wights (D:10)
  A jelly (D:6)
  14 crimson imps
  A bullfrog zombie (D:12)
  7 hounds
  5 orc priests
  3 bullfrog skeletons
  3 centaur skeletons
  15 orc wizards
  26 worker ants
  2 iguanas
  2 hound zombies
  3 worker ant zombies
  8 gnolls
  13 adders
  A shadow imp (D:6)
  2 white imps (D:12)
  2 oozes (D:1)
  An adder zombie (D:6)
  An adder skeleton (D:4)
  4 worms
  A dart slug (D:1)
  3 leopard geckos
  41 orcs
  A ball python (D:1)
  9 bats
  5 giant cockroaches
  9 goblins
  3 hobgoblins
  8 jackals
  7 quokkas
  9 frilled lizards
  18 kobolds
  A leopard gecko skeleton (D:7)
  10 rats
  4 fungi (D:6)
388 creatures vanquished.

Vanquished Creatures (collateral kills)
  Gastronok (D:8)
  A fire dragon (D:11)
  An ogre mage (D:13)
  A hydra (D:11)
  A two-headed ogre (D:10)
  A centaur zombie (D:10)
  A troll (D:11)
  A hippogriff (D:11)
  2 humans (D:13)
  An orc warrior (D:10)
  A sky beast (D:11)
  2 orc wizards (D:10)
14 creatures vanquished.

Vanquished Creatures (others)
  A steam dragon (D:6)
  2 centaurs
  A crimson imp (D:12)
  A fungus (D:6)
5 creatures vanquished.

Grand Total: 407 creatures vanquished

Notes
Turn   | Place    | Note
-------+----------+-------------------------------------------
     0 | D:1      | aMcNicky the Minotaur Berserker began the quest for the Orb.
     0 | D:1      | Reached XP level 1. HP: 19/19 MP: 0/0
   376 | D:1      | Reached XP level 2. HP: 27/27 MP: 1/1
   399 | D:1      | Reached skill level 4 in Axes
   720 | D:1      | Reached XP level 3. HP: 17/33 MP: 2/2
  1393 | D:2      | Reached ** piety under Trog
  1422 | D:2      | Reached XP level 4. HP: 41/41 MP: 3/3
  1942 | D:3      | Reached skill level 5 in Axes
  1943 | D:3      | Found a hide-covered altar of Uskayaw.
  2099 | D:3      | Reached XP level 5. HP: 47/47 MP: 4/4
  2121 | D:3      | Noticed Frank's ghost (amateur OpFi)
  2129 | D:3      | Killed Frank's ghost
  2129 | D:3      | Reached skill level 5 in Fighting
  2129 | D:3      | Reached skill level 1 in Short Blades
  2129 | D:3      | Reached XP level 6. HP: 56/56 MP: 5/5
  2332 | D:3      | Reached *** piety under Trog
  2836 | D:4      | Found the brooch of Shielding {Reflect SH+8}
  2909 | D:4      | Found Rahyri's Antique Weapon Shoppe.
  2920 | D:4      | Bought a glowing war axe for 201 gold pieces
  2978 | D:4      | Found a radiant altar of Vehumet.
  3298 | D:4      | Reached XP level 7. HP: 56/61 MP: 2/6
  3299 | D:4      | Reached skill level 5 in Armour
  3407 | D:4      | Found a white marble altar of Elyvilon.
  3478 | D:4      | Reached skill level 6 in Axes
  3828 | D:5      | Entered Level 5 of the Dungeon
  4143 | D:5      | Noticed Grinder
  4164 | D:5      | Killed Grinder
  4164 | D:5      | Reached skill level 7 in Axes
  4164 | D:5      | Reached XP level 8. HP: 70/70 MP: 2/7
  4272 | D:5      | Reached skill level 1 in Stealth
  4509 | D:6      | Reached skill level 8 in Axes
  4655 | D:6      | Noticed a two-headed ogre
  4667 | D:6      | Killed a two-headed ogre
  4667 | D:6      | Reached skill level 9 in Axes
  4667 | D:6      | Reached XP level 9. HP: 78/78 MP: 2/8
  4850 | D:6      | Reached skill level 10 in Axes
  4994 | D:6      | Found a staircase to the Ecumenical Temple.
  4999 | Temple   | Entered the Ecumenical Temple
  5362 | D:6      | Found a sacrificial altar of Ru.
  5483 | D:6      | Found a sparkling altar of Nemelex Xobeh.
  6010 | D:7      | Found a deep blue altar of Sif Muna.
  6010 | D:7      | Found a hazy altar of Hepliaklqana.
  6019 | D:7      | Found an iron altar of Okawaru.
  6091 | D:7      | Reached **** piety under Trog
  6100 | D:7      | Found a shadowy altar of Dithmenos.
  6106 | D:7      | Reached skill level 11 in Axes
  6397 | D:7      | Noticed jazmu's ghost (novice FoHu)
  6410 | D:7      | Killed jazmu's ghost
  6457 | D:7      | Reached XP level 10. HP: 87/88 MP: 3/9
  6480 | D:7      | Found a bloodstained altar of Trog.
  6481 | D:7      | Noticed Pikel
  6505 | D:7      | Killed Pikel
  6505 | D:7      | Reached skill level 12 in Axes
  6774 | D:7      | Found an ornate altar of the Wu Jian Council.
  6971 | D:8      | Noticed Maurice
  6976 | D:8      | Killed Maurice
  7089 | D:8      | Reached skill level 5 in Dodging
  7141 | D:8      | Found a staircase to the Lair.
  7145 | D:8      | Noticed Gastronok
  7172 | D:8      | Killed Gastronok
  7172 | D:8      | Reached skill level 13 in Axes
  7287 | D:8      | Found an iron altar of Okawaru.
  7316 | D:8      | Found a sacrificial altar of Ru.
  7724 | D:9      | Found a blossoming altar of Fedhas.
  7727 | D:9      | Found an ancient bone altar of Kikubaaqudgha.
  7778 | D:9      | Noticed Joseph
  7789 | D:9      | Killed Joseph
  8582 | D:9      | Reached XP level 11. HP: 97/97 MP: 3/10
  8588 | D:9      | Noticed Erolcha
  8613 | D:9      | Killed Erolcha
  8639 | D:9      | Reached ***** piety under Trog
  8828 | D:9      | Noticed Grum
  8846 | D:9      | Killed Grum
  8846 | D:9      | Reached skill level 14 in Axes
  9061 | D:10     | Entered Level 10 of the Dungeon
  9087 | D:10     | Reached skill level 10 in Armour
  9100 | D:10     | Noticed a two-headed ogre
  9105 | D:10     | Killed a two-headed ogre
  9186 | D:10     | Reached skill level 10 in Fighting
  9198 | D:10     | Noticed a queen ant
  9212 | D:10     | Killed a queen ant
  9289 | D:10     | Received a gift from Trog
  9510 | D:10     | Noticed a two-headed ogre
  9548 | D:10     | Killed a two-headed ogre
  9548 | D:10     | Reached skill level 15 in Axes
  9716 | D:10     | Noticed a two-headed ogre
  9725 | D:10     | Killed a two-headed ogre
  9771 | D:10     | Noticed Harold
  9786 | D:10     | Killed Harold
  9837 | D:10     | Reached XP level 12. HP: 100/108 MP: 3/11
 10325 | D:11     | Reached skill level 16 in Axes
 10514 | D:11     | Noticed a six-headed hydra
 10519 | D:11     | Killed a six-headed hydra
 10544 | D:11     | Noticed a fire dragon
 10550 | D:11     | Killed a fire dragon
 10898 | D:11     | Found a staircase to the Orcish Mines.
 10975 | D:11     | Reached skill level 17 in Axes
 11362 | D:12     | Noticed a two-headed ogre
 11367 | D:12     | Killed a two-headed ogre
 11689 | D:12     | Found Ulemestro's Armour Shop.
 11759 | D:12     | Noticed a two-headed ogre
 11776 | D:12     | Killed a two-headed ogre
 12283 | D:12     | Reached skill level 18 in Axes
 12570 | D:12     | Reached ****** piety under Trog
 12596 | D:12     | Reached XP level 13. HP: 104/118 MP: 4/12
 12765 | D:13     | Found a gate to the Vaults.
 12765 | D:13     | Noticed Rupert
 12781 | D:13     | HP: 3/118 [poisoned by Rupert]
 12781 | D:13     | Slain by a centaur warrior

Skill      XL: |  1  2  3  4  5  6  7  8  9 10 11 12 |
---------------+-------------------------------------+-----
Fighting       | 4 5 6 7 9 10 12 | 12.1
Axes           | 4 5 7 9 11 13 15 18 | 18.3
Armour         | 3 4 6 7 8 9 10 11 | 11.5
Short Blades   | 1 2 4 |  4.6
Dodging        | 3 4 5 |  5.8
Stealth        | 1 |  1.8

Action                   |  1- 3 |  4- 6 |  7- 9 | 10-12 | 13-15 || total
-------------------------+-------+-------+-------+-------+-------++-------
Melee: Hand axe          |    76 |     7 |       |       |       ||    83
       Headbutt          |    13 |    23 |    40 |   112 |     8 ||   196
       Short sword       |       |   100 |       |       |       ||   100
       War axe           |       |     5 |   182 |   258 |       ||   445
       Executioner's axe |       |       |       |   290 |    17 ||   307
Invok: Berserk           |     2 |     3 |     6 |     8 |     1 ||    20
       Brothers in Arms  |       |       |       |     3 |     1 ||     4
       Trog's Hand       |       |       |       |     1 |       ||     1
  Use: Scroll            |       |     5 |       |     4 |     1 ||    10
       Potion            |       |       |       |       |     2 ||     2
  Eat: Chunk             |     3 |     3 |    13 |    26 |     2 ||    47
       Ration            |       |     2 |     1 |     2 |       ||     5
Armor: Animal skin       |     9 |       |       |       |       ||     9
       Chain mail        |    19 |    47 |    60 |    81 |       ||   207
       Plate armour      |       |       |       |   166 |    59 ||   225
Dodge: Dodged            |    38 |    50 |    60 |   231 |    33 ||   412
Block: Other             |       |     4 |    51 |   212 |    12 ||   279
       Reflection        |       |       |     7 |    16 |     1 ||    24
